 Dungeon Crawl Stone Soup version 0.24-a0-228-g05560da (webtiles) character file.

Game seed: 15698144886405565780

3 gruber the Cutter (level 1, 0/11 HPs)
             Began as a Vine Stalker Berserker on Apr 1, 2019.
             Was a Follower of Trog.
             Slain by a bat (1 damage)
             ... on level 1 of the Dungeon.
             The game lasted 00:00:47 (93 turns).

gruber the Cutter (Vine Stalker Berserker)            Turns: 93, Time: 00:00:48

Health: 0/11       AC:  2    Str: 19    XL:     1   Next: 50%
Magic:  0/2        EV: 12    Int:  7    God:    Trog [*.....]
Gold:   0          SH:  0    Dex: 13    Spells: 0/0 levels left

rFire    . . .     SeeInvis .   a - +0 short sword
rCold    . . .     Gourm    .   (no shield)
rNeg     . . .     Faith    .   b - +0 animal skin
rPois    .         Spirit   +   (no helmet)
rElec    .         Reflect  .   (no cloak)
rCorr    .         Harm     .   (no gloves)
MR       .....                  (no boots)
Stlth    +.........             (no amulet)
HPRegen  0.03/turn              (no ring)
MPRegen  0.08/turn              (no ring)

@: no status effects
A: fangs 2, magic shield, antimagic bite, no potion heal 3, rot immunity
a: Berserk, Renounce Religion


You were on level 1 of the Dungeon.
You worshipped Trog.
Trog was aware of your devotion.
You were not hungry.

You visited 1 branch of the dungeon, and saw 1 of its levels.

Inventory:

Hand Weapons
 a - a +0 short sword (weapon)
Armour
 b - a +0 animal skin (worn)
Jewellery
 e - an uncursed amulet of harm {unknown}
Scrolls
 d - a scroll of remove curse {unknown}
 g - a scroll of identify {unknown}
Potions
 f - a potion of curing {unknown}
Comestibles
 c - 2 rations


   Skills:
 + Level 2.7 Fighting
 * Level 2.8 Short Blades
 + Level 1.5 Armour
 * Level 1.6 Dodging


You couldn't memorise any spells.
You didn't know any spells.
Your spell library was empty.

Dungeon Overview and Level Annotations

Branches:
Dungeon (1/15)

Altars:


Innate Abilities, Weirdness & Mutations

You have extremely sharp teeth.
When hurt, damage is shared between your health and your magic reserves.
Your bite disrupts and absorbs the magic of your enemies.
Potions cannot restore your health.
You are immune to rotting.


Message History

The goblin misses you. The giant cockroach closely misses you.
You hit the giant cockroach. Your bite misses the giant cockroach.
The giant cockroach is severely wounded.
The giant cockroach bites you.
* * * LOW HITPOINT WARNING * * *
You closely miss the giant cockroach. Your bite misses the giant cockroach.
The giant cockroach is severely wounded.
The giant cockroach closely misses you.
A bat comes into view.
The giant cockroach barely misses you. The bat hits you.
* * * LOW HITPOINT WARNING * * *
The bat hits you. The bat barely misses you.
The bat hits you but does no damage. The bat barely misses you.
You hit the bat but do no damage. The bat misses you. The bat misses you.
The bat hits you but does no damage. The bat hits you.
You die...

####...... .. ..>...... .....#
#........ #....#######........
....##............. .
$................? .
................. ###.
#.####.##............. ...
#....@.#####.#........ ..
#.#########bs....?#........
..#####..........................
..................g..#.##.#..###
#...###.........###..#.##g##.#
#..# ##.......## ##g#.......#
#..# #.......# #...g........ #.##
##.......## #..........##
#..###.........###..#.........#


You could see a giant cockroach, a hobgoblin, a goblin and a bat.

Vanquished Creatures
  2 hobgoblins (D:1)
  A bat (D:1)
3 creatures vanquished.

Notes
Turn   | Place    | Note
-------+----------+-------------------------------------------
     0 | D:1      | gruber the Vine Stalker Berserker began the quest for the
                  | Orb.
     0 | D:1      | Reached XP level 1. HP: 11/11 MP: 2/2
    93 | D:1      | Slain by a bat

Levels and vault maps discovered:
D:1:      minmay_arrival_four_circles, layout_basic

Action                   || total
-------------------------++-------
Melee: Short sword       ||    16
       Bite              ||     4
Armor: Animal skin       ||     4
Dodge: Dodged            ||    15

Table legend:
 A = Non-vault XP
 B = Vault XP
 C = Vault XP percentage of total XP
 D = Non-vault monster count
 E = Vault monster count
 F = Vault count percentage of total count
                 A         B        C        D         E       F
            +---------+---------+-------+---------+---------+-------
      Total |       5 |       0 |   0.0 |       3 |       0 |   0.0
            +---------+---------+-------+---------+---------+-------
        D:1 |       5 |       0 |   0.0 |       3 |       0 |   0.0
            +---------+---------+-------+---------+---------+-------
